 Dungeon Crawl Stone Soup version 0.30-a0-509-gd016549fea (webtiles) character file.

Game seed: 6332178491226316251

2821 funkygono the Magician (level 9, 0/61 HPs)
             Began as a Demonspawn Fire Elementalist on Dec 22, 2022.
             Slain by a manticore (16 damage)
             ... on level 7 of the Dungeon.
             The game lasted 00:11:54 (7673 turns).

funkygono the Magician (DsFE)                       Turns: 7673, Time: 00:11:55

Health: 0/61       AC:  4    Str:  8    XL:     9   Next: 45%
Magic:  1/20       EV: 14    Int: 27    God:
Gold:   787        SH:  0    Dex: 24    Spells: 13/23 levels left

rFire   + + .      SeeInvis .    A - +3 flail (protect)
rCold   . . .      Faith    .    (no shield)
rNeg    + . .      Spirit   .    a - +0 robe
rPois   .          Reflect  .    (helmet restricted)
rElec   .          Harm     .    o - +1 cloak
rCorr   .          Rampage  .    (no gloves)
Will    .....                    (no boots)
Stlth   ++........               E - amulet of the acrobat
HPRegen 0.30/turn                j - +6 ring of dexterity
MPRegen 0.17/turn                c - ring of the Amoeba {rF++ rN+ Int+6 Dex+4}

@: no status effects
A: antennae 1, claws 1, hooves 1, spiny 1
a: no special abilities


You were on level 7 of the Dungeon.
You visited 1 branch of the dungeon, and saw 7 of its levels.

You collected 787 gold pieces.

Inventory:

Hand Weapons
 m - a +1 whip of freezing
 v - a +0 falchion
 A - a +3 flail of protection (weapon)
 D - a +2 quarterstaff of chaos
Missiles
 n - 3 throwing nets
Armour
 a - a +0 robe (worn)
 o - a +1 cloak (worn)
Magical Staves
 w - a staff of air
 H - a staff of cold
Jewellery
 c - the ring of the Amoeba (right claw) {rF++ rN+ Int+6 Dex+4}
   (You acquired it on level 2 of the Dungeon)

   [ring of intelligence]

   Int:       It affects your intelligence (+6).
   Dex:       It affects your dexterity (+4).
   rF:        It greatly protects you from fire.
   rN:        It protects you from negative energy.
 j - a +6 ring of dexterity (left claw)
 t - a +6 ring of dexterity
 x - a +6 ring of dexterity
 E - an amulet of the acrobat (around neck)
Wands
 y - a wand of polymorph (4)
 C - a wand of flame (8)
 F - a wand of charming (13)
Scrolls
 e - 2 scrolls of fog
 f - 4 scrolls of teleportation
 i - a scroll of magic mapping
 s - a scroll of immolation
Potions
 b - 2 potions of magic
 d - a potion of curing {unknown}
 k - 2 potions of heal wounds
 l - 2 potions of ambrosia
 p - 3 potions of attraction
 q - a potion of mutation {unknown}
 r - 2 potions of brilliance
 u - 3 potions of flight
 z - a potion of cancellation {unknown}


   Skills:
 + Level 1.8 Fighting
 + Level 2.8 Maces & Flails
 + Level 3.0 Dodging
 - Level 1.7 Stealth
 + Level 7.7 Spellcasting
 + Level 4.5 Conjurations
 + Level 7.5 Fire Magic


You had 13 spell levels left.
You knew the following spells:

 Your Spells              Type           Power      Damage    Failure   Level
a - Foxfire               Conj/Fire      100%       2x1d9     1%          1
b - Scorch                Fire           100%       2d10      1%          2
c - Kindle Blastsparks    Fire/Tloc/Air  48%        2d14      6%          3
d - Flame Wave            Conj/Fire      43%        2d11      4%          4

Your spell library contained the following spells:

 Spells                   Type           Power      Damage    Failure   Level
 Inner Flame              Hex/Fire       30%        N/A       3%          3
 Ensorcelled Hibernation  Hex/Ice        20%        N/A       9%          2
 Portal Projectile        Hex/Tloc       20%        N/A       16%         3
 Spider Form              Tmut/Pois      10%        N/A       16%         3
 Tukima's Dance           Hex            10%        N/A       16%         3
 Anguish                  Hex/Necr       5%         N/A       47%         4
 Blade Hands              Tmut           5%         N/A       83%         5


Dungeon Overview and Level Annotations

Branches:
Dungeon (7/15)
 Temple: D:4-7

Altars:
Ashenzari
Cheibriados
Dithmenos
Ru
Sif Muna

Annotations:
D:7 Prince Ribbit


Innate Abilities, Weirdness & Mutations

You have a pair of small antennae on your head.
You have sharp fingernails.
You have large cloven feet.
You are partially covered in sharp spines.


Message History

Casting: Foxfire (safe; 1% risk of failure)
Confirm with . or Enter, or press ? or * to list all spells.
You don't have enough magic to cast this spell.
Unknown command.
Casting: Foxfire (safe; 1% risk of failure)
Confirm with . or Enter, or press ? or * to list all spells.
You conjure some foxfire!
You carefully extract the barbed spikes from your body.
The foxfire hits Prince Ribbit!
Prince Ribbit is moderately wounded.
Prince Ribbit lets out a mournful croak.
The foxfire hits Prince Ribbit.
Prince Ribbit is moderately wounded.
The foxfire hits Prince Ribbit!
Prince Ribbit is heavily wounded.
Unknown command.
You barely miss Prince Ribbit. You kick Prince Ribbit.
Prince Ribbit is severely wounded.
The foxfire hits the manticore.
The manticore is heavily wounded.
Prince Ribbit catches a butterfly with his tongue.
Prince Ribbit hits you!
* * * LOW HITPOINT WARNING * * *
The manticore bites you.
* * * LOW HITPOINT WARNING * * *
The manticore barely misses you. The manticore closely misses you.
A shadow imp comes into view.
Unknown command.
You barely miss Prince Ribbit. Your kick misses Prince Ribbit.
Prince Ribbit is severely wounded.
Prince Ribbit is struck by your spines. Prince Ribbit closely misses you.
Prince Ribbit barely misses you. The manticore is struck by your spines.
The manticore barely misses you. The manticore misses you.
The manticore claws you!
* * * LOW HITPOINT WARNING * * *
Unknown command.
You feel much better. Prince Ribbit is struck by your spines.
Prince Ribbit closely misses you. The manticore is struck by your spines.
The manticore bites you!
You die...

##### ##..<##
####.....##
........).#
#.##....))####
# ##..F@)...#
##5H.)#).#
#..#####.....
#..## ..... ##
..... .... .


You could see a manticore, Prince Ribbit and a shadow imp.

Vanquished Creatures
  A hornet (D:7)
  Sigmund (D:6)
  Menkaure (D:6)
  Edmund (D:5)
  A water moccasin (D:6)
  2 black bears
  An ice beast (D:6)
  An ogre (D:5)
  4 centaurs
  2 phantoms
  2 bullfrogs
  Blork the orc (D:6)
  A necrophage (D:6)
  A gnoll sergeant (D:6)
  3 scorpions
  4 hounds
  Crazy Yiuf (D:5)
  A jelly (D:5)
  An orc priest (D:4)
  2 gnoll boudas
  An iguana (D:7)
  4 orc wizards
  20 gnolls
  11 adders
  A white imp (D:6)
  2 worms
  5 dart slugs
  17 orcs
  6 ball pythons
  11 endoplasms
  7 giant cockroaches
  7 goblins
  10 hobgoblins
  5 jackals
  4 quokkas
  10 bats
  2 frilled lizards (D:2)
  12 kobolds
  9 rats
176 creatures vanquished.

Vanquished Creatures (collateral kills)
  2 foxfires (D:4)
2 creatures vanquished.

Vanquished Creatures (others)
  431 foxfires
431 creatures vanquished.

Grand Total: 609 creatures vanquished

Notes
Turn   | Place    | Note
-------+----------+-------------------------------------------
     0 | D:1      | funkygono the Demonspawn Fire Elementalist began the quest
                  | for the Orb.
     0 | D:1      | Reached XP level 1. HP: 13/13 MP: 3/3
   345 | D:1      | Discovered your monstrous ancestry.
   345 | D:1      | Gained mutation: You have sharp fingernails. [demonic
                  | ancestry]
   345 | D:1      | Reached XP level 2. HP: 19/19 MP: 3/5
   348 | D:1      | Learned a level 2 spell: Scorch
  1460 | D:2      | Gained mutation: You have large cloven feet. [demonic
                  | ancestry]
  1460 | D:2      | Reached XP level 3. HP: 24/24 MP: 3/6
  1899 | D:2      | Reached XP level 4. HP: 30/30 MP: 6/8
  2780 | D:2      | Noticed a black bear
  2796 | D:2      | Killed a black bear
  2797 | D:2      | Reached XP level 5. HP: 2/35 MP: 0/10
  3174 | D:2      | Identified 2 scrolls of acquirement
  3174 | D:2      | Acquired 452 gold pieces
  3176 | D:2      | Acquired the ring of the Amoeba {rF++ rN+ Int+6 Dex+4}
  3253 | D:3      | Found a shimmering blue altar of Sif Muna.
  3253 | D:3      | Found a shadowy altar of Dithmenos.
  3324 | D:3      | Learned a level 3 spell: Kindle Blastsparks
  3329 | D:3      | Learned a level 4 spell: Flame Wave
  3348 | D:3      | Reached XP level 6. HP: 38/41 MP: 1/11
  3570 | D:3      | Found a sacrificial altar of Ru.
  4998 | D:4      | Found a broken altar of Ashenzari.
  5003 | D:4      | Found a snail-covered altar of Cheibriados.
  5318 | D:5      | Entered Level 5 of the Dungeon
  5325 | D:5      | Reached skill level 5 in Fire Magic
  5325 | D:5      | Gained mutation: You are partially covered in sharp spines.
                  | [demonic ancestry]
  5325 | D:5      | Reached XP level 7. HP: 46/46 MP: 3/13
  5670 | D:5      | Reached skill level 5 in Spellcasting
  5823 | D:5      | Found a runed translucent door.
  5824 | D:5      | Noticed Crazy Yiuf
  6215 | D:5      | Reached XP level 8. HP: 52/52 MP: 11/16
  6519 | D:5      | Killed Crazy Yiuf
  6806 | D:6      | Noticed Menkaure
  6811 | D:6      | Killed Menkaure
  6820 | D:6      | Reached skill level 1 in Maces & Flails
  7027 | D:6      | Reached skill level 1 in Fighting
  7212 | D:6      | Gained mutation: You have a pair of small antennae on your
                  | head. [demonic ancestry]
  7212 | D:6      | Reached XP level 9. HP: 59/59 MP: 15/19
  7331 | D:6      | Noticed Blork the orc
  7333 | D:6      | Killed Blork the orc
  7471 | D:6      | Noticed Sigmund
  7471 | D:6      | Noticed Edmund
  7503 | D:5      | Killed Edmund
  7566 | D:6      | Killed Sigmund
  7664 | D:7      | Noticed a manticore
  7666 | D:7      | Noticed Prince Ribbit
  7672 | D:7      | HP: 1/61 [manticore (12)]
  7673 | D:7      | Slain by a manticore

Illustrated notes

Levels and vault maps discovered:
D:1:      psy_arrival_radial02, layout_basic
D:2:      minmay_razor_zed, layout_rooms, minmay_divided_ellipse
D:3:      layout_basic, chequers_temple_overflow_statue_of_worship,
          nicolae_ru_awakened_eye, nicolae_tso_carved_into_rock,
          minmay_goblin_kobold_house
D:4:      layout_basic, mainiacjoe_overflow_big_doors, chequers_avenue
D:5:      layout_loops_ring, grunt_decor_junction, nicolae_underground_beach,
          uniq_crazy_yiuf_cottage
D:6:      layout_loops_ring, chequers_serial_rivers_small_a,
          nicolae_concentric_dashed_squares_mild, uniq_sigmund,
          uniq_blork_the_orc, uniq_menkaure, uniq_edmund
D:7:      layout_rooms, grunt_gozag_breadcrumbs,
          minmay_temple_entry_gardened_gates, minmay_manual_macuahuitl,
          uniq_prince_ribbit1

Skill      XL: |  1  2  3  4  5  6  7  8  9 |
---------------+----------------------------+-----
Fire Magic     | 3 4 5 6 7 |  7.5
Dodging        | 2 3 |  3.0
Conjurations   | 2 3 4 |  4.5
Spellcasting   | 3 4 5 7 |  7.7
Maces & Flails | 1 2 |  2.8
Fighting       | 1 |  1.8
Stealth        | |  1.7

Action                   |  1- 3 |  4- 6 |  7- 9 || total
-------------------------+-------+-------+-------++-------
Melee: Short sword       |     1 |       |       ||     1
       Whip              |       |    14 |    34 ||    48
       Kick              |       |     3 |    35 ||    38
       Punch             |       |       |     2 ||     2
       Flail             |       |       |    36 ||    36
 Cast: Foxfire           |    56 |   127 |    67 ||   250
       Scorch            |     7 |    36 |    32 ||    75
       Flame Wave        |       |       |     1 ||     1
  Use: Scroll            |       |    12 |     8 ||    20
       Potion            |       |       |     1 ||     1
Armor: Robe              |     3 |    10 |    17 ||    30
Dodge: Dodged            |    14 |    32 |    67 ||   113

Table legend: (Time is in decaauts)
 A = Elapsed time spent in this place.
 B = Non-inter-level travel time spent in this place.
 C = Inter-level travel time spent in this place.
 D = Time resting spent in this place.
 E = Time spent auto-exploring this place.
 F = Levels seen in this place.
 G = Mean time per level.
                   A        B        C        D        E       F      G
               +--------+--------+--------+--------+--------+-----+--------+
         Total |   7693 |   7499 |    194 |     63 |   6346 |   7 | 1099.0 |
       Dungeon |   7693 |   7499 |    194 |     63 |   6346 |   7 | 1099.0 |
               +--------+--------+--------+--------+--------+-----+--------+

Top non-repeatable levels by time:
     D:2: 1710 daAuts
     D:1: 1498 daAuts
     D:5: 1334 daAuts
     D:3: 1231 daAuts
     D:6: 992 daAuts
     D:4: 879 daAuts
     D:7: 47 daAuts
